AoeStats
← Green Assassin

Pilgrims

510088762Analyzed
4v4 RM · 1d ago on Sep 29, 2026· 34m 42s· 8 players
Game mode
Random Map
Map size
Large (8 player)
Population
200
Speed
Normal
Resources
Standard
Victory
Conquest
Starting age
Dark Age
Ending age
Imperial Age
RankedLock teamsTeams togetherTeam positionsShared explorationLock speedFull tech treeHidden civsTurbo modeCheats
Victory
Defeat
🇹🇷 Burmese · Türkiye
1343
+14
🇨🇳 Spanish · China
1254
+17
🇨🇳 Mapuche · China
1220
+19
🇨🇳 Vietnamese · China
1188
+19
🇩🇪 Armenians · Germany
1291
-18
🇭🇰 Dravidians · Hong Kong SAR China
1284
-17
🇨🇳 Georgians · China
1284
-17
🇨🇳 Japanese · China
1264
-17
Able 867
7:02 Loom
9:41 Feudal Age
10:46 Double-Bit Axe
11:01 Fletching
20:10 Castle Age
20:50 Bodkin Arrow
21:36 Medium Warships
25:05 Wheelbarrow
24:12 Horse Collar
24:45 Bow Saw
24:28 Gold Mining
24:29 Stone Mining
25:10 Heavy Plow
29:38 Imperial Age
27:31 Hand Cart
27:35 Fishing Lines
29:14 Padded Archer Armor
30:25 Bracer
31:14 Gillnets
32:16 Ballistics
Green Assassin
5:51 Loom
14:23 Feudal Age
14:43 Man-at-Arms
15:41 Double-Bit Axe
16:25 Forging
15:44 Long Swordsman
17:28 Scale Mail Armor
19:48 Arson
23:20 Castle Age
22:13 Fletching
24:08 Bodkin Arrow
24:14 Padded Archer Armor
25:11 Wheelbarrow
24:20 Elite Skirmisher
24:47 Two-Handed Swordsman
27:10 Leather Archer Armor
29:50 Ballistics
你没事吧
10:35 Feudal Age
11:16 Double-Bit Axe
17:15 Castle Age
19:56 Horse Collar
20:39 Fishing Lines
22:41 Bow Saw
25:24 Husbandry
25:34 Bloodlines
25:31 Scale Barding Armor
30:23 Imperial Age
28:16 Forging
27:59 Loom
31:24 Wheelbarrow
32:26 Elite Skirmisher
546308830
4:37 Loom
11:13 Feudal Age
13:19 Double-Bit Axe
15:54 Castle Age
15:41 Fishing Lines
17:02 Man-at-Arms
18:18 Bow Saw
18:13 Gillnets
19:01 Scale Mail Armor
19:06 Squires
20:24 Medium Warships
23:54 Fletching
27:19 Horse Collar
31:45 Imperial Age
29:54 Wheelbarrow
30:20 Masonry
29:41 Long Swordsman
30:33 Gambesons
31:36 Hand Cart
33:09 Forging
33:36 Pikeman
Jun Misugi
10:55 Feudal Age
15:19 Castle Age
14:02 Fishing Lines
14:25 Horse Collar
15:26 Gold Mining
15:59 Loom
16:38 Stone Mining
18:22 Fletching
18:22 Town Watch
23:06 Imperial Age
koyomi
7:02 Loom
13:42 Feudal Age
13:47 Champi Runner
14:13 Arson
17:58 Horse Collar
18:03 Double-Bit Axe
27:09 Castle Age
32:44 Fletching
32:55 Padded Archer Armor
Gaody
7:47 Loom
12:36 Feudal Age
18:04 Fishing Lines
20:41 Castle Age
20:54 Double-Bit Axe
21:04 Gold Mining
20:52 Crossbowman
22:06 Stone Mining
23:55 Fletching
26:47 Stone Shaft Mining
26:09 Bodkin Arrow
28:05 Bow Saw
28:15 Elite Skirmisher
30:15 Wheelbarrow
29:26 Town Watch
33:18 Hand Cart
33:04 Light Cavalry
33:45 Husbandry
33:50 Treadmill Crane
35:06 Gillnets
嘿,延边!
11:29 Feudal Age
15:14 Castle Age
14:09 Double-Bit Axe
14:47 Stone Mining
17:45 Bow Saw
22:39 Horse Collar
24:44 Heavy Plow
31:14 Loom
31:15 Town Watch
34:16 Padded Archer Armor
34:07 Fletching
36:52 Imperial Age
34:58 Wheelbarrow
Connection lost

Rejoining the realm…

Still unreachable

The connection could not be restored.

Session expired

The server has moved on; the page needs a fresh start.